PIO (24 & UNDER)
COLORADO COMMANDERS @ SEATTLE RAINIERS
08/11/2026
 
TOP OF THE 1ST
Colorado Commanders batting - Pitching for Seattle Rainiers : LHP Nelson Béltre
Pitching: LHP Nelson Béltre
Batting: RHB Kyle Vélez 0-0: Swinging Strike
0-1: Ball
1-1: Foul Ball, location: 2F
1-2: Foul Ball, location: 2F
1-2: Strikes out swinging
Batting: RHB Chris Rice 0-0: Called Strike
0-1: Ground out 4-3 (Groundball, 4)
Batting: RHB Carlos Hernández 0-0: Foul Ball, location: 2F
0-1: Foul Ball, location: 2F
0-2: Strikes out looking
Top of the 1st over - 0 run(s), 0 hit(s), 0 error(s), 0 left on base; Colorado 0 - Seattle 0
BOTTOM OF THE 1ST
Seattle Rainiers batting - Pitching for Colorado Commanders : RHP Orlando Cruz
Pitching: RHP Orlando Cruz
Batting: RHB Alfredo Farías 0-0: Foul Ball, location: 2F
0-1: Ball
1-1: Ball
2-1: Foul Ball, location: 2F
2-2: Foul Ball, location: 2F
2-2: Foul Ball, location: 2F
2-2: Foul Ball, location: 2F
2-2: Fly out, F9 (Line Drive, 89M)
Batting: LHB Mike White 0-0: Called Strike
0-1: Ball
1-1: Swinging Strike
1-2: Ball
2-2: Strikes out swinging
Batting: RHB Enrique Mendoza 0-0: Ball
1-0: Swinging Strike
1-1: Foul Ball, location: 2F
1-2: Ball
2-2: SINGLE (Groundball, 4MD)
Batting: LHB Alan Moore 0-0: Called Strike
Enrique Mendoza steals 2nd base
0-1: Ball
1-1: Ground out 1-3 (Groundball, 3S)
Bottom of the 1st over - 0 run(s), 1 hit(s), 0 error(s), 1 left on base; Colorado 0 - Seattle 0
TOP OF THE 2ND
Colorado Commanders batting - Pitching for Seattle Rainiers : LHP Nelson Béltre
Batting: SHB Theodore Cook 0-0: Ball
1-0: Ball
2-0: Called Strike
2-1: Ball
3-1: Base on Balls
Batting: RHB Roberto Rodríguez 0-0: Called Strike
0-1: Ball
1-1: Called Strike
1-2: Ball
2-2: Ball
Wild Pitch!
Theodore Cook to second
3-2: Base on Balls
Batting: RHB Frank Martínez 0-0: Ball
1-0: Ball
Theodore Cook steals 3rd base
Roberto Rodríguez to second
2-0: Called Strike
2-1: SINGLE (Groundball, 6D)
Theodore Cook scores
Roberto Rodríguez to third
Runner from 3rd tries for Home, SAFE, throw made home
Frank Martínez to second
Batting: RHB Tony Barton 0-0: Foul Ball, location: 2F
0-1: Foul Ball, location: 2F
0-2: Ball
1-2: Foul Ball, location: 2F
1-2: Strikes out swinging
Batting: RHB Adam Reeves 0-0: Ball
1-0: Called Strike
1-1: Called Strike
1-2: Ball
2-2: Foul Ball, location: 2F
2-2: Strikes out looking
Batting: RHB Alberto Soto 0-0: Called Strike
0-1: Ball
1-1: Swinging Strike
1-2: SINGLE (Line Drive, 89M)
Frank Martínez to third
Runner from 3rd tries for Home, SAFE, no throw or cutoff
Batting: RHB Kyle Vélez 0-0: Called Strike
0-1: Ball
Alberto Soto is caught stealing 2nd base
Top of the 2nd over - 3 run(s), 2 hit(s), 0 error(s), 0 left on base; Colorado 3 - Seattle 0
BOTTOM OF THE 2ND
Seattle Rainiers batting - Pitching for Colorado Commanders : RHP Orlando Cruz
Batting: LHB Will Hill 0-0: Called Strike
0-1: Foul Ball, location: 2F
0-2: Ball
1-2: Strikes out swinging
Batting: RHB Howard Russell 0-0: Foul Ball, location: 2F
0-1: Fly out, F3 (Line Drive, 3)
Batting: RHB Albert Cordero 0-0: Swinging Strike
0-1: Foul Ball, location: 2F
0-2: Foul Ball, location: 2F
0-2: Ball
1-2: Ball
2-2: Ball
3-2: Foul Ball, location: 2F
3-2: Base on Balls
Batting: RHB Vincent Braun 0-0: Ball
1-0: Ball
2-0: Fielders Choice at 2nd, 6-4 (Groundball, 6)
Bottom of the 2nd over - 0 run(s), 0 hit(s), 0 error(s), 0 left on base; Colorado 3 - Seattle 0
TOP OF THE 3RD
Colorado Commanders batting - Pitching for Seattle Rainiers : LHP Nelson Béltre
Batting: RHB Kyle Vélez 0-0: Swinging Strike
0-1: Ball
1-1: Foul Ball, location: 2F
1-2: Strikes out swinging
Batting: RHB Chris Rice 0-0: Fly out, F4 (Popup, 4)
Batting: RHB Carlos Hernández 0-0: Called Strike
0-1: Foul Ball, location: 2F
0-2: Foul Ball, location: 2F
0-2: Ball
1-2: Fly out, F8 (Line Drive, 8LD)
Top of the 3rd over - 0 run(s), 0 hit(s), 0 error(s), 0 left on base; Colorado 3 - Seattle 0
BOTTOM OF THE 3RD
Seattle Rainiers batting - Pitching for Colorado Commanders : RHP Orlando Cruz
Batting: RHB John Hill 0-0: Ball
1-0: Ball
2-0: Called Strike
2-1: Ball
3-1: Swinging Strike
3-2: Base on Balls
Batting: RHB Alfredo Farías 0-0: Ball
1-0: Ball
2-0: Ball
Pickoff Throw to First - Out!
3-0: Base on Balls
Batting: LHB Mike White 0-0: Ball
1-0: Called Strike
1-1: Ball
2-1: Ball
3-1: Foul Ball, location: 2F
3-2: Strikes out swinging
Batting: RHB Enrique Mendoza 0-0: Ball
1-0: Fly out, F8 (Flyball, 8RXD)
Bottom of the 3rd over - 0 run(s), 0 hit(s), 0 error(s), 1 left on base; Colorado 3 - Seattle 0
TOP OF THE 4TH
Colorado Commanders batting - Pitching for Seattle Rainiers : LHP Nelson Béltre
Batting: SHB Theodore Cook 0-0: Ball
1-0: Ground out U3 (Groundball, 3)
Batting: RHB Roberto Rodríguez 0-0: DOUBLE (Line Drive, 7LM)
Batting: RHB Frank Martínez 0-0: Fly out, F9 (Flyball, 9M)
Batting: RHB Tony Barton 0-0: Ball
1-0: Ball
2-0: Called Strike
2-1: Foul Ball, location: 2F
2-2: Strikes out looking
Top of the 4th over - 0 run(s), 1 hit(s), 0 error(s), 1 left on base; Colorado 3 - Seattle 0
BOTTOM OF THE 4TH
Seattle Rainiers batting - Pitching for Colorado Commanders : RHP Orlando Cruz
Batting: LHB Alan Moore 0-0: Ball
1-0: Ball
2-0: Ball
3-0: Called Strike
3-1: Base on Balls
Batting: LHB Will Hill 0-0: Ball
1-0: Swinging Strike
1-1: Ball
2-1: Ball
3-1: Base on Balls
Alan Moore to second
Batting: RHB Howard Russell 0-0: Ball
1-0: Grounds into double play, U4-3 (Groundball, 4M)
Alan Moore to third
Batting: RHB Albert Cordero 0-0: Ball
1-0: Foul Ball, location: 2F
1-1: Ball
2-1: Foul Ball, location: 2F
2-2: Ball
3-2: Strikes out swinging
Bottom of the 4th over - 0 run(s), 0 hit(s), 0 error(s), 1 left on base; Colorado 3 - Seattle 0
TOP OF THE 5TH
Colorado Commanders batting - Pitching for Seattle Rainiers : LHP Nelson Béltre
Batting: RHB Adam Reeves 0-0: Ball
1-0: Swinging Strike
1-1: Ball
2-1: Called Strike
2-2: Strikes out looking
Batting: RHB Alberto Soto 0-0: Called Strike
0-1: Ground out 6-3 (Groundball, 6)
Batting: RHB Kyle Vélez 0-0: Called Strike
0-1: Fly out, F8 (Flyball, 8LM)
Top of the 5th over - 0 run(s), 0 hit(s), 0 error(s), 0 left on base; Colorado 3 - Seattle 0
BOTTOM OF THE 5TH
Seattle Rainiers batting - Pitching for Colorado Commanders : RHP Orlando Cruz
Batting: RHB Vincent Braun 0-0: Ground out 1-3 (Groundball, 25)
Batting: RHB John Hill 0-0: Ball
1-0: Foul Ball, location: 2F
1-1: Ball
2-1: Ball
3-1: Called Strike
3-2: Fly out, F3 (Popup, 3D)
Batting: RHB Alfredo Farías 0-0: Ground out 1-3 (Groundball, 23)
Bottom of the 5th over - 0 run(s), 0 hit(s), 0 error(s), 0 left on base; Colorado 3 - Seattle 0
TOP OF THE 6TH
Colorado Commanders batting - Pitching for Seattle Rainiers : LHP Nelson Béltre
Batting: RHB Chris Rice 0-0: Called Strike
0-1: Foul Ball, location: 2F
0-2: Foul Ball, location: 2F
0-2: Ball
1-2: Strikes out looking
Batting: RHB Carlos Hernández 0-0: Ball
1-0: Swinging Strike
1-1: Called Strike
1-2: Strikes out swinging
Batting: SHB Theodore Cook 0-0: Called Strike
0-1: Ball
1-1: Foul Ball, location: 2F
1-2: Ball
2-2: Ball
3-2: Foul Ball, location: 2F
3-2: Strikes out looking
Top of the 6th over - 0 run(s), 0 hit(s), 0 error(s), 0 left on base; Colorado 3 - Seattle 0
BOTTOM OF THE 6TH
Seattle Rainiers batting - Pitching for Colorado Commanders : RHP Orlando Cruz
Batting: LHB Mike White 0-0: Ground out 5-3 (Groundball, 5)
Batting: RHB Enrique Mendoza 0-0: Ball
1-0: Ball
2-0: Foul Ball, location: 2F
2-1: Ball
3-1: Swinging Strike
3-2: SOLO HOME RUN (Flyball, 78XD), Distance : 435 ft
Pitching: LHP Manuel Reyes
Batting: LHB Alan Moore 0-0: Called Strike
0-1: Foul Ball, location: 2F
0-2: Ball
1-2: Strikes out swinging
Pitching: LHP Bernardo Dodson
Batting: LHB Will Hill 0-0: TRIPLE (Line Drive, 9LS)
Batting: RHB Howard Russell 0-0: Ball
1-0: Ball
2-0: Called Strike
2-1: Ball
3-1: Ground out 6-3 (Groundball, 6S)
Bottom of the 6th over - 1 run(s), 2 hit(s), 0 error(s), 1 left on base; Colorado 3 - Seattle 1
TOP OF THE 7TH
Colorado Commanders batting - Pitching for Seattle Rainiers : LHP Nelson Béltre
Pitching: RHP Dani Vásquez
Batting: RHB Roberto Rodríguez 0-0: Foul Ball, location: 2F
0-1: Called Strike
0-2: Ball
1-2: Foul Ball, location: 2F
1-2: Ball
2-2: Foul Ball, location: 2F
2-2: Strikes out swinging
Batting: RHB Frank Martínez 0-0: Ball
1-0: Ball
2-0: Ball
3-0: Called Strike
3-1: Called Strike
3-2: Fly out, F8 (Flyball, 8RM)
Batting: RHB Tony Barton 0-0: Ball
1-0: Foul Ball, location: 2F
1-1: Foul Ball, location: 2F
1-2: Strikes out looking
Top of the 7th over - 0 run(s), 0 hit(s), 0 error(s), 0 left on base; Colorado 3 - Seattle 1
BOTTOM OF THE 7TH
Seattle Rainiers batting - Pitching for Colorado Commanders : LHP Bernardo Dodson
Batting: RHB Albert Cordero 0-0: Ball
1-0: Ball
2-0: Called Strike
2-1: Ball
3-1: Base on Balls
Batting: RHB Vincent Braun 0-0: SINGLE (Groundball, 34D)
Albert Cordero to second
Runner from 2nd tries for 3rd, SAFE, throw made to third
Pinch Hitting: RHB Jeremiah Soto 0-0: Called Strike
0-1: Swinging Strike
0-2: Ball
1-2: Strikes out looking
Pinch Hitting: RHB Jacob Hill 0-0: Called Strike
0-1: Ball
1-1: Ball
2-1: Ball
3-1: Grounds into double play, 6-4-3 (Groundball, 6M)
Bottom of the 7th over - 0 run(s), 1 hit(s), 0 error(s), 1 left on base; Colorado 3 - Seattle 1
TOP OF THE 8TH
Colorado Commanders batting - Pitching for Seattle Rainiers : RHP Dani Vásquez
Now at 3B: Jorge Colón
Now at SS: Emílio Cervantes
Batting: RHB Adam Reeves 0-0: Ball
1-0: Ball
2-0: Ball
3-0: Base on Balls
Batting: RHB Alberto Soto 0-0: Fly out, F8 (Flyball, 8LM)
Batting: RHB Kyle Vélez 0-0: Called Strike
0-1: Ball
1-1: DOUBLE (Line Drive, 7LM)
Adam Reeves to third
Batting: RHB Chris Rice 0-0: Ball
1-0: Ball
2-0: Ball
3-0: Called Strike
3-1: Foul Ball, location: 2F
3-2: Ground out 4-3 (Groundball, 4)
Pinch Hitting: RHB Ricardo Remedios 0-0: Intentional Walk
Pinch Hitting: RHB Tim Adkins 0-0: Ball
1-0: Ball
2-0: Ball
3-0: Called Strike
3-1: Base on Balls
Adam Reeves scores
Kyle Vélez to third
Ricardo Remedios to second
Pinch Hitting: LHB Arturo Rodledo 0-0: Ball
1-0: Foul Ball, location: 2F
1-1: Swinging Strike
1-2: Ball
2-2: Foul Ball, location: 2F
2-2: Strikes out swinging
Top of the 8th over - 1 run(s), 1 hit(s), 0 error(s), 3 left on base; Colorado 4 - Seattle 1
BOTTOM OF THE 8TH
Seattle Rainiers batting - Pitching for Colorado Commanders : LHP Bernardo Dodson
Now at SS: Tim Adkins
Now in CF: Rafael López
Now in RF: Ricardo Remedios
Batting: LHB Mike White 0-0: Ball
1-0: SINGLE (Line Drive, 4MD)
Pitching: RHP Juan Mesa
Batting: RHB Enrique Mendoza 0-0: Called Strike
0-1: Ball
1-1: Fly out, F4 (Popup, 34D)
Batting: LHB Alan Moore 0-0: Called Strike
0-1: Called Strike
0-2: Ball
1-2: Ball
2-2: Ball
3-2: Strikes out swinging
Mike White steals 2nd base
Batter strikes out.
Batting: LHB Will Hill 0-0: Ball
1-0: Called Strike
1-1: Swinging Strike
1-2: DOUBLE (Flyball, 78D)
Mike White scores
Batting: RHB Howard Russell 0-0: Ball
Wild Pitch!
Will Hill to third
1-0: Fly out, F3 (Popup, 3L)
Bottom of the 8th over - 1 run(s), 2 hit(s), 0 error(s), 1 left on base; Colorado 4 - Seattle 2
TOP OF THE 9TH
Colorado Commanders batting - Pitching for Seattle Rainiers : RHP Dani Vásquez
Pitching: RHP Dave Rose
Batting: RHB Frank Martínez 0-0: Ball
1-0: Ball
2-0: Ball
3-0: Called Strike
3-1: Base on Balls
Batting: RHB Tony Barton 0-0: Ball
1-0: Swinging Strike
1-1: Fielders Choice at 2nd, 3-6 (Groundball, 3)
Batting: RHB Adam Reeves 0-0: Ball
Tony Barton steals 2nd base
1-0: Ball
2-0: Swinging Strike
2-1: Fly out, F3 (Popup, 3DF)
Batting: RHB Alberto Soto 0-0: Intentional Walk
Pinch Hitting: RHB Gerald Johnson 0-0: Fly out, F8 (Flyball, 8LM)
Top of the 9th over - 0 run(s), 0 hit(s), 0 error(s), 2 left on base; Colorado 4 - Seattle 2
BOTTOM OF THE 9TH
Seattle Rainiers batting - Pitching for Colorado Commanders : RHP Juan Mesa
Pitching: RHP Bill Davis
Now at 1B: Clarence Robertson
Batting: RHB Albert Cordero 0-0: Ball
1-0: Ball
2-0: Foul Ball, location: 2F
2-1: Ball
3-1: Called Strike
3-2: Base on Balls
Batting: RHB Vincent Braun 0-0: Called Strike
0-1: Swinging Strike
0-2: Strikes out swinging
Batting: RHB Emílio Cervantes 0-0: Grounds into double play, 5-4-3 (Groundball, 5)
Bottom of the 9th over - 0 run(s), 0 hit(s), 0 error(s), 0 left on base; Colorado 4 - Seattle 2
Monday, December 5th, 2016 - OOTP Baseball 17.12 Build 75